AoeStats
← 梦呓江淮

African Clearing

510766247Analyzed
4v4 RM · 14h ago on Oct 2, 2026· 56m 31s· 8 players
Game mode
Random Map
Map size
Large (8 player)
Population
200
Speed
Normal
Resources
Standard
Victory
Conquest
Starting age
Dark Age
Ending age
Imperial Age
RankedLock teamsTeams togetherTeam positionsShared explorationLock speedFull tech treeHidden civsTurbo modeCheats
Victory
Defeat
🇨🇳 Mongols · China
1432
+15
🇨🇳 Mapuche · China
1406
+16
🇨🇳 Malians · China
1359
+18
🇨🇳 Varangians · China
1331
+18
🇬🇧 Huns · United Kingdom
1440
-18
🇨🇳 Saxons · China
1435
-18
🇭🇰 Persians · Hong Kong SAR China
1374
-16
🇨🇳 Berbers · China
1353
-15
shinyorb
7:52 Loom
12:05 Feudal Age
12:35 Double-Bit Axe
12:54 Town Watch
13:44 Wheelbarrow
12:58 Town Watch
13:08 Horse Collar
16:10 Town Watch
21:58 Castle Age
20:42 Bloodlines
20:50 Fletching
21:00 Padded Archer Armor
21:40 Gold Mining
22:36 Bodkin Arrow
23:18 Husbandry
24:03 Gold Shaft Mining
27:35 Bow Saw
29:44 Ballistics
30:54 Leather Archer Armor
31:04 Hand Cart
39:40 Imperial Age
40:11 Thumb Ring
41:25 Bracer
40:48 Cranequins
42:09 Scale Mail Armor
41:51 Cranequins
Alotta Fagina
6:17 Loom
13:24 Feudal Age
17:31 Castle Age
16:05 Fletching
16:28 Double-Bit Axe
17:38 Gold Mining
20:17 Bodkin Arrow
22:15 Bow Saw
28:55 Thumb Ring
31:51 Ballistics
33:17 Horse Collar
35:31 Bloodlines
35:22 Husbandry
37:19 Padded Archer Armor
37:28 Elite Skirmisher
46:15 Imperial Age
47:13 Bracer
47:29 Leather Archer Armor
47:44 Parthian Tactics
49:02 Chemistry
49:07 Conscription
48:38 Crossbowman
48:48 Heavy Cavalry Archer
梦呓江淮
10:25 Loom
13:01 Feudal Age
13:51 Double-Bit Axe
17:34 Castle Age
18:34 Bow Saw
28:40 Fletching
29:02 Bloodlines
28:53 Husbandry
30:12 Wheelbarrow
29:36 Bodkin Arrow
29:41 Padded Archer Armor
29:45 Horse Collar
31:00 Wheelbarrow
38:03 Imperial Age
36:59 Leather Archer Armor
36:56 Thumb Ring
38:15 Ballistics
38:27 Gold Mining
39:39 Conscription
42:05 Gold Shaft Mining
42:41 Hand Cart
42:55 Stone Mining
44:00 Scale Barding Armor
44:05 Forging
44:10 Cavalier
44:12 Heavy Camel Rider
45:15 Chain Barding Armor
45:28 Heavy Plow
47:03 Iron Casting
47:19 Stone Shaft Mining
48:30 Chemistry
48:09 Plate Barding Armor
48:16 Kasbah
47:37 Elite Camel Archer
50:13 Blast Furnace
49:13 Bracer
49:43 Ring Archer Armor
52:05 Hoardings
53:35 Crop Rotation
精锐熊哥
4:22 Loom
13:26 Feudal Age
17:44 Castle Age
19:19 Horse Collar
20:01 Bloodlines
20:02 Husbandry
29:44 Scale Barding Armor
31:34 Double-Bit Axe
52:52 Imperial Age
52:50 Heavy Camel Rider
liwenbin
11:40 Loom
13:28 Feudal Age
14:46 Double-Bit Axe
19:18 Castle Age
18:02 Fletching
20:12 Bodkin Arrow
20:29 Bow Saw
21:14 Padded Archer Armor
25:15 Ballistics
32:46 Thumb Ring
46:39 Wheelbarrow
54:01 Imperial Age
52:59 Leather Archer Armor
52:57 Bloodlines
52:47 Husbandry
53:09 Hand Cart
53:10 Town Watch
55:08 Conscription
55:07 Bracer
七七2025
5:57 Loom
14:17 Feudal Age
16:45 Double-Bit Axe
19:11 Bloodlines
20:43 Wheelbarrow
24:54 Castle Age
23:17 Gold Mining
24:20 Horse Collar
25:29 Scale Barding Armor
28:44 Chain Barding Armor
34:07 Bow Saw
35:10 Heavy Plow
39:31 Forging
39:13 Stone Mining
42:02 Stone Shaft Mining
43:25 Husbandry
46:50 Hand Cart
49:47 Imperial Age
47:04 Town Watch
50:04 Iron Casting
50:03 Cavalier
51:47 Two-Man Saw
53:30 Plate Barding Armor
53:56 Blast Furnace
蒙古冲车加条子
3:17 Loom
12:05 Feudal Age
12:43 Double-Bit Axe
19:49 Castle Age
18:32 Scale Mail Armor
20:12 Pikeman
21:03 Bow Saw
22:54 Horse Collar
27:46 Wheelbarrow
27:37 Elite Skirmisher
28:42 Fletching
30:59 Bodkin Arrow
32:34 Heavy Plow
33:37 Forging
35:21 Padded Archer Armor
37:54 Iron Casting
40:01 Ballistics
42:28 Leather Archer Armor
47:48 Imperial Age
47:50 Elite Kona
49:37 Blast Furnace
48:51 Butalmapu
50:59 Ring Archer Armor
54:58 Chemistry
NocturnalPharmakon
12:46 Feudal Age
16:53 Castle Age
16:37 Double-Bit Axe
17:47 Bow Saw
17:28 Stone Mining
18:52 Stone Shaft Mining
18:08 Gold Mining
24:29 Horse Collar
28:38 Forging
28:18 Arson
34:46 Imperial Age
32:54 Wheelbarrow
32:04 Town Watch
32:06 Loom
34:22 Iron Casting
33:47 Scale Mail Armor
33:52 Squires
35:05 Husbandry
35:15 Bloodlines
35:16 Heavy Plow
35:06 Gold Mining
35:09 Fletching
36:16 Conscription
36:43 Bodkin Arrow
37:25 Elite Gbeto
40:16 Chain Mail Armor
39:46 Heavy Camel Rider
41:05 Scale Barding Armor
41:35 Hand Cart
41:37 Caravan
42:11 Chain Barding Armor
43:13 Plate Mail Armor
43:12 Tigui
43:52 Coinage
43:32 Guilds
44:16 Plate Barding Armor
43:47 Devotion
48:27 Hoardings
48:11 Farimba
48:09 Cavalier
50:01 Sappers
Connection lost

Rejoining the realm…

Still unreachable

The connection could not be restored.

Session expired

The server has moved on; the page needs a fresh start.